SL
TENNESSEE SMOKIES @ MOBILE BAYBEARS
04/09/2024
 
TOP OF THE 1ST
Tennessee Smokies batting - Pitching for Mobile BayBears : RHP Jared Kelly
Pitching: RHP Jared Kelly
Batting: RHB Zachary Evans 0-0: Ground out 6-3 (Groundball, 6, EV 98.8 MPH)
Batting: RHB Zack Raabe 0-0: Called Strike
0-1: Swinging Strike
0-2: Ball
1-2: Ball
2-2: SINGLE (Line Drive, 34D, EV 95.6 MPH)
Batting: SHB Jacob Berry 0-0: Called Strike
0-1: Called Strike
0-2: Ball
1-2: Ball
2-2: Ball
3-2: Strikes out swinging
Batting: RHB Coby Mayo 0-0: Called Strike
0-1: Ball
1-1: Foul Ball, location: 2F
1-2: Foul Ball, location: 2F
1-2: Ball
2-2: Ball
3-2: Fly out, F9 (Flyball, 89S, EV 91.9 MPH)
Top of the 1st over - 0 runs, 1 hit, 0 errors, 1 left on base; Tennessee 0 - Mobile 0
BOTTOM OF THE 1ST
Mobile BayBears batting - Pitching for Tennessee Smokies : RHP Deuce Hogan
Pitching: RHP Deuce Hogan
Batting: RHB Corey Weems 0-0: Ball
1-0: Ball
2-0: Foul Ball, location: 2F
2-1: SINGLE (Line Drive, 8LS, EV 97.5 MPH)
Batting: RHB Chad Harris 0-0: Foul Ball, location: 2F
0-1: Ball
Wild Pitch!
Corey Weems to second
1-1: Ball
2-1: Ball
3-1: Called Strike
3-2: Base on Balls
Batting: RHB Casey Schmitt 0-0: Foul Ball, location: 23F
0-1: Foul Ball, location: 2F
0-2: Ball
1-2: Strikes out swinging
Batting: RHB Taylor Brynes 0-0: Foul Ball, location: 2F
0-1: Ball
1-1: Foul Ball, location: 5F
1-2: Strikes out swinging
Batting: SHB Adrian Placencia 0-0: Ball
1-0: Called Strike
1-1: Ball
2-1: 3-RUN HOME RUN (Flyball, 7LD, EV 95.6 MPH), Distance : 354 ft
Batting: LHB Manuel Rubiales 0-0: Ball
1-0: Ground out 4-3 (Groundball, 4, EV 80.6 MPH)
Bottom of the 1st over - 3 runs, 2 hits, 0 errors, 0 left on base; Tennessee 0 - Mobile 3
TOP OF THE 2ND
Tennessee Smokies batting - Pitching for Mobile BayBears : RHP Jared Kelly
Batting: RHB Andy Pages 0-0: Ball
1-0: Ball
2-0: Swinging Strike
2-1: Called Strike
2-2: Strikes out looking
Batting: LHB Chase Davis 0-0: Called Strike
0-1: Foul Ball, location: 3FF
0-2: Ball
1-2: Ball
2-2: Strikes out swinging
Batting: RHB Craig Scott 0-0: SINGLE (Flyball, 89S, EV 99.4 MPH)
Batting: SHB Greg T. Jones 0-0: Ball
1-0: Called Strike
1-1: Ball
2-1: Swinging Strike
2-2: Strikes out swinging
Top of the 2nd over - 0 runs, 1 hit, 0 errors, 1 left on base; Tennessee 0 - Mobile 3
BOTTOM OF THE 2ND
Mobile BayBears batting - Pitching for Tennessee Smokies : RHP Deuce Hogan
Batting: LHB Edward Daugherty 0-0: Ball
1-0: Ball
2-0: SINGLE (Line Drive, 3D, EV 71.9 MPH)
Batting: RHB Ethan Beilein 0-0: Ball
1-0: Fly out, F7 (Flyball, 78M, EV 93.1 MPH)
Batting: SHB Dan Powell 0-0: Ball
1-0: Fly out, F8 (Flyball, 8RD, EV 75.6 MPH)
Batting: RHB Corey Weems 0-0: Ball
1-0: Ball
2-0: Ball
3-0: Base on Balls
Edward Daugherty to second
Batting: RHB Chad Harris 0-0: Foul Ball, location: 9LMF
0-1: Ball
Edward Daugherty steals 3rd base
Corey Weems to second
1-1: Ball
2-1: Ball
3-1: Fly out, F8 (Line Drive, 8LD, EV 88.8 MPH)
Bottom of the 2nd over - 0 runs, 1 hit, 0 errors, 2 left on base; Tennessee 0 - Mobile 3
TOP OF THE 3RD
Tennessee Smokies batting - Pitching for Mobile BayBears : RHP Jared Kelly
Batting: RHB Jesús Ochoa 0-0: Ball
1-0: SINGLE (Line Drive, 7S, EV 90.0 MPH)
Batting: RHB Zachary Evans 0-0: Ball
1-0: Sac Bunt to 2L - play at first, batter OUT! 2-3
Jesús Ochoa to second
Batting: RHB Zack Raabe 0-0: Ground out U3 (Groundball, 34S, EV 89.4 MPH)
Jesús Ochoa to third
Batting: SHB Jacob Berry 0-0: Called Strike
0-1: Called Strike
0-2: Ball
1-2: Ball
Wild Pitch!
Jesús Ochoa scores
2-2: Foul Ball, location: 25FF
2-2: Foul Ball, location: 2F
2-2: Strikes out swinging
Top of the 3rd over - 1 run, 1 hit, 0 errors, 0 left on base; Tennessee 1 - Mobile 3
BOTTOM OF THE 3RD
Mobile BayBears batting - Pitching for Tennessee Smokies : RHP Deuce Hogan
Batting: RHB Casey Schmitt 0-0: SINGLE (Line Drive, 78S, EV 106.9 MPH)
Batting: RHB Taylor Brynes 0-0: SINGLE (Line Drive, 9S, EV 87.5 MPH)
Casey Schmitt to second
Batting: SHB Adrian Placencia 0-0: Ball
1-0: Swinging Strike
1-1: Ball
2-1: Called Strike
2-2: Ball
3-2: Strikes out swinging
Batting: LHB Manuel Rubiales 0-0: Ball
1-0: Ball
2-0: Called Strike
2-1: Ball
3-1: Base on Balls
Casey Schmitt to third
Taylor Brynes to second
Batting: LHB Edward Daugherty 0-0: Called Strike
0-1: Swinging Strike
0-2: Ball
1-2: Strikes out looking
Batting: RHB Ethan Beilein 0-0: Foul Ball, location: 5FF
0-1: Ball
1-1: Ball
2-1: Ball
3-1: Foul Ball, location: 25F
3-2: Foul Ball, location: 9LMF
3-2: Foul Ball, location: 2F
3-2: Base on Balls
Casey Schmitt scores
Taylor Brynes to third
Manuel Rubiales to second
Batting: SHB Dan Powell 0-0: Called Strike
0-1: Foul Ball, location: 7LSF
0-2: Foul Ball, location: 23F
0-2: Ball
1-2: Strikes out swinging
Bottom of the 3rd over - 1 run, 2 hits, 0 errors, 3 left on base; Tennessee 1 - Mobile 4
TOP OF THE 4TH
Tennessee Smokies batting - Pitching for Mobile BayBears : RHP Jared Kelly
Batting: RHB Coby Mayo 0-0: Ball
1-0: Foul Ball, location: 2F
1-1: Fly out, F8 (Flyball, 8RD, EV 92.5 MPH)
Batting: RHB Andy Pages 0-0: Called Strike
0-1: Swinging Strike
0-2: Foul Ball, location: 7LMFF
0-2: Ball
1-2: SINGLE (Flyball, 5D, EV 84.4 MPH)
Batting: LHB Chase Davis 0-0: Ball
1-0: Called Strike
1-1: Ball
2-1: Fly out, F9 (Flyball, 9D, EV 102.5 MPH)
Batting: RHB Craig Scott 0-0: Fielders Choice at 2nd, U4 (Groundball, 4M, EV 80.6 MPH)
Top of the 4th over - 0 runs, 1 hit, 0 errors, 1 left on base; Tennessee 1 - Mobile 4
BOTTOM OF THE 4TH
Mobile BayBears batting - Pitching for Tennessee Smokies : RHP Deuce Hogan
Batting: RHB Corey Weems 0-0: Ball
1-0: Ball
2-0: Called Strike
2-1: Ground out 5-3 (Groundball, 56, EV 110.6 MPH)
Batting: RHB Chad Harris 0-0: Fly out, F8 (Flyball, 8LXD, EV 83.8 MPH)
Batting: RHB Casey Schmitt 0-0: Ball
1-0: Foul Ball, location: 2F
1-1: Foul Ball, location: 2F
1-2: Foul Ball, location: 5DF
1-2: Strikes out looking
Bottom of the 4th over - 0 runs, 0 hits, 0 errors, 0 left on base; Tennessee 1 - Mobile 4
TOP OF THE 5TH
Tennessee Smokies batting - Pitching for Mobile BayBears : RHP Jared Kelly
Batting: SHB Greg T. Jones 0-0: Foul Ball, location: 2F
0-1: Ball
1-1: Ball
2-1: Foul Ball, location: 23F
2-2: Ball
3-2: SINGLE (Flyball, 78S, EV 87.5 MPH)
Batting: RHB Jesús Ochoa 0-0: Fly out, F2 (Popup, 23F, EV 81.3 MPH)
Batting: RHB Zachary Evans 0-0: Called Strike
0-1: Ball
1-1: Swinging Strike
1-2: Strikes out swinging
Batting: RHB Zack Raabe 0-0: Ball
1-0: Called Strike
Greg T. Jones is caught stealing 2nd base 2-4
Top of the 5th over - 0 runs, 1 hit, 0 errors, 0 left on base; Tennessee 1 - Mobile 4
BOTTOM OF THE 5TH
Mobile BayBears batting - Pitching for Tennessee Smokies : RHP Deuce Hogan
Batting: RHB Taylor Brynes 0-0: Called Strike
0-1: Swinging Strike
0-2: Foul Ball, location: 3F
0-2: Ball
1-2: Strikes out swinging
Batting: SHB Adrian Placencia 0-0: Foul Ball, location: 2F
0-1: Ball
1-1: Ball
2-1: Swinging Strike
2-2: Ball
3-2: Base on Balls
Batting: LHB Manuel Rubiales 0-0: Ball
1-0: Foul Ball, location: 7LMF
1-1: Reached on error, E5 (Groundball, 5, EV 96.3 MPH)
Adrian Placencia to second
Batting: LHB Edward Daugherty 0-0: SINGLE (Line Drive, 56, EV 108.8 MPH)
Adrian Placencia to third
Manuel Rubiales to second
Batting: RHB Ethan Beilein 0-0: Called Strike
0-1: Swinging Strike
0-2: Ball
1-2: Ball
2-2: Foul Ball, location: 2LF
2-2: Grounds into fielders choice 5-2 (Groundball, 5, EV 96.3 MPH)
Manuel Rubiales to third
Edward Daugherty to second
Pitching: RHP Clayton Beeter
Batting: SHB Dan Powell 0-0: Foul Ball, location: 7LMF
0-1: Ball
1-1: SINGLE (Flyball, 9LS, EV 91.3 MPH)
Manuel Rubiales scores
Edward Daugherty to third
Ethan Beilein to second
Runner from 3rd tries for Home, SAFE, throw by RF to home
Batting: RHB Corey Weems 0-0: Fly out, F3 (Popup, 3F, EV 70.0 MPH)
Bottom of the 5th over - 2 runs, 2 hits, 1 error, 2 left on base; Tennessee 1 - Mobile 6
TOP OF THE 6TH
Tennessee Smokies batting - Pitching for Mobile BayBears : RHP Jared Kelly
Batting: RHB Zack Raabe 0-0: Called Strike
0-1: Ground out U3 (Groundball, 3, EV 81.9 MPH)
Batting: SHB Jacob Berry 0-0: Ground out 3-1 (Groundball, 13, EV 83.8 MPH)
Batting: RHB Coby Mayo 0-0: Ball
1-0: Ball
2-0: Foul Ball, location: 2F
2-1: Ball
3-1: Ground out 6-3 (Groundball, 6, EV 94.4 MPH)
Top of the 6th over - 0 runs, 0 hits, 0 errors, 0 left on base; Tennessee 1 - Mobile 6
BOTTOM OF THE 6TH
Mobile BayBears batting - Pitching for Tennessee Smokies : RHP Clayton Beeter
Batting: RHB Chad Harris 0-0: Called Strike
0-1: Swinging Strike
0-2: Ball
1-2: Foul Ball, location: 2F
1-2: Ball
2-2: Strikes out looking
Batting: RHB Casey Schmitt 0-0: Called Strike
0-1: Ball
1-1: Swinging Strike
1-2: Strikes out looking
Batting: RHB Taylor Brynes 0-0: Fly out, F8 (Flyball, 8RM, EV 85.0 MPH)
Bottom of the 6th over - 0 runs, 0 hits, 0 errors, 0 left on base; Tennessee 1 - Mobile 6
TOP OF THE 7TH
Tennessee Smokies batting - Pitching for Mobile BayBears : RHP Jared Kelly
Batting: RHB Andy Pages 0-0: Called Strike
0-1: Ball
1-1: Swinging Strike
1-2: Ball
2-2: Ball
3-2: Base on Balls
Batting: LHB Chase Davis 0-0: Ball
1-0: Ball
2-0: Ball
3-0: Called Strike
3-1: Grounds into double play, 4-6-3 (Groundball, 4, EV 89.4 MPH)
Batting: RHB Craig Scott 0-0: Ball
1-0: Ball
2-0: Called Strike
2-1: Swinging Strike
2-2: Ground out 4-3 (Groundball, 4M, EV 88.8 MPH)
Top of the 7th over - 0 runs, 0 hits, 0 errors, 0 left on base; Tennessee 1 - Mobile 6
BOTTOM OF THE 7TH
Mobile BayBears batting - Pitching for Tennessee Smokies : RHP Clayton Beeter
Batting: SHB Adrian Placencia 0-0: Called Strike
0-1: Foul Ball, location: 2F
0-2: Strikes out swinging
Batting: LHB Manuel Rubiales 0-0: Ball
1-0: Ball
2-0: Ball
3-0: Called Strike
3-1: Called Strike
3-2: Ground out 4-3 (Groundball, 4, EV 101.9 MPH)
Batting: LHB Edward Daugherty 0-0: Foul Ball, location: 5FF
0-1: Ball
1-1: Swinging Strike
1-2: Strikes out swinging
Bottom of the 7th over - 0 runs, 0 hits, 0 errors, 0 left on base; Tennessee 1 - Mobile 6
TOP OF THE 8TH
Tennessee Smokies batting - Pitching for Mobile BayBears : RHP Jared Kelly
Pitching: RHP Dennis Johnston
Batting: SHB Greg T. Jones 0-0: Swinging Strike
0-1: Ball
1-1: Foul Ball, location: 7LDF
1-2: Strikes out looking
Batting: RHB Jesús Ochoa 0-0: Called Strike
0-1: Ball
1-1: Called Strike
1-2: Ball
2-2: Foul Ball, location: 9LSF
2-2: DOUBLE (Flyball, 78D, EV 96.3 MPH)
Batting: RHB Zachary Evans 0-0: Swinging Strike
0-1: Ball
1-1: Foul Ball, location: 25F
1-2: Ball
2-2: Strikes out looking
Batting: RHB Zack Raabe 0-0: Called Strike
0-1: Foul Ball, location: 2F
0-2: Ball
1-2: Strikes out swinging
Top of the 8th over - 0 runs, 1 hit, 0 errors, 1 left on base; Tennessee 1 - Mobile 6
BOTTOM OF THE 8TH
Mobile BayBears batting - Pitching for Tennessee Smokies : RHP Clayton Beeter
Batting: RHB Ethan Beilein 0-0: Ball
1-0: Foul Ball, location: 2F
1-1: Ball
2-1: Swinging Strike
2-2: Foul Ball, location: 2F
2-2: Strikes out swinging
Pitching: RHP Joey Yellen
Batting: SHB Dan Powell 0-0: Swinging Strike
0-1: Ball
1-1: Called Strike
1-2: Fly out, F8 (Flyball, 8RD, EV 100.6 MPH)
Batting: RHB Corey Weems 0-0: Called Strike
0-1: Foul Ball, location: 2LF
0-2: Fly out, F8 (Flyball, 8RM, EV 93.1 MPH)
Bottom of the 8th over - 0 runs, 0 hits, 0 errors, 0 left on base; Tennessee 1 - Mobile 6
TOP OF THE 9TH
Tennessee Smokies batting - Pitching for Mobile BayBears : RHP Dennis Johnston
Batting: SHB Jacob Berry 0-0: Ball
1-0: Ball
2-0: Ball
3-0: Called Strike
3-1: Fly out, F9 (Flyball, 9, EV 95.6 MPH)
Batting: RHB Coby Mayo 0-0: Ball
1-0: Swinging Strike
1-1: Ball
2-1: Called Strike
2-2: Foul Ball, location: 3F
2-2: Foul Ball, location: 2F
2-2: Foul Ball, location: 2F
2-2: Strikes out looking
Batting: RHB Andy Pages 0-0: Foul Ball, location: 9LSF
0-1: Called Strike
0-2: Fly out, F7 (Flyball, 78M, EV 91.3 MPH)
Top of the 9th over - 0 runs, 0 hits, 0 errors, 0 left on base; Tennessee 1 - Mobile 6
Thursday, April 18th , 2024 - OOTP Baseball 24.11 Build 85